Map: Snowy Mesa

Players

meowmeowcute - Winner!

  • Race: Zerg Zerg
  • Spawn Location: 6:00

Anzu - Winner!

  • Race: Zerg Zerg
  • Spawn Location: 6:00

VOD

Have the link to the VOD?

Description

Time

  • Played on: Dec. 22, 2017, 3:24 p.m.
  • Length: 15:42
Show
View Real Time Build Order
Export as new Build Order

meowmeowcute Zerg - Winner!

Build Orders:  

Get SALT Encoding   

  12  0:15  Drone  
  13  0:20  Overlord  
  13  0:56  Drone x3  
  16  1:13  Spawning Pool  
  16  1:19  Evolution Chamber  
  14  1:23  Drone  
  15  1:52  Drone  
  15  1:53  Drone  
  17  2:08  Drone  
  18  2:27  Extractor  
  17  2:34  Extractor  
  17  2:35  Queen  
  17  2:38  Drone  
  19  3:05  Drone  
  19  3:06  Drone x2  
  22  3:45  Hatchery  
  21  3:53  Drone  
  22  4:01  Overlord x2  
  22  4:16  Overlord  
  22  5:14  Drone  
  22  5:15  Drone  
  24  5:34  Roach Warren  
  23  5:44  Baneling Nest, Drone  
  23  5:45  Drone  
  23  5:47  Queen  
  26  5:53  Drone x2  
  26  5:54  Drone  
  29  6:36  Extractor  
  28  6:41  Roach  
  28  6:42  Roach x2  
  34  7:04  Drone x3  
  37  7:12  Roach  
  39  7:23  Roach  
  41  7:40  Roach  
  41  7:44  Overlord x2  
  41  7:45  Overlord  
  41  7:48  Drone  
  44  8:33  Roach x2  
  44  8:34  Roach x3  
  44  8:38  Roach x2  
  44  8:39  Roach x4  
  66  8:57  Pneumatized Carapace  
  66  9:12  Lair  
  66  9:21  Hatchery  
  65  9:38  Drone x2  
  65  9:39  Drone  
  68  9:48  Zerg Ground Armor Level 1  
  68  10:10  Overlord x2  
  68  10:11  Overlord  
  68  10:27  Glial Reconstitution  
  68  10:38  Spire  
  67  10:50  Infestation Pit  
  67  10:52  Drone x5  
  67  10:53  Drone  
  72  11:16  Drone  
  71  11:40  Roach x2  
  77  11:56  Roach  
  79  12:08  Roach  
  79  12:09  Roach x4  
  89  12:10  Roach  
  89  12:17  Tunneling Claws  
  91  12:31  Hydralisk Den  
  90  12:40  Drone x3  
  90  12:43  Queen  
  90  12:49  Mutalisk  
  97  12:59  Overlord x2  
  97  13:00  Overlord  
  97  13:43  Mutalisk x5  
  97  13:44  Mutalisk  
  109  14:20  Unknown  
  109  14:49  Mutalisk x3  
  115  15:32  Unknown  
Show
View Real Time Build Order
Export as new Build Order

Anzu Zerg - Winner!

Build Orders:  

Get SALT Encoding   

  12  0:03  Drone  
  13  0:22  Drone  
  14  0:43  Spawning Pool  
  14  0:44  Drone  
  14  0:52  Overlord  
  14  1:17  Drone, Evolution Chamber  
  14  1:33  Drone x2  
  16  1:49  Drone x2  
  18  1:53  Queen  
  20  2:10  Zergling x2  
  20  2:15  Extractor  
  20  2:21  Extractor  
  20  2:22  Spine Crawler  
  20  2:23  Drone  
  19  3:01  Drone  
  19  3:08  Drone x2  
  22  3:26  Overlord  
  22  3:57  Drone  
  23  4:00  Drone  
  23  4:01  Hatchery, Drone x2  
  25  4:14  Queen  
  25  4:19  Zergling x2  
  28  4:27  Drone  
  29  4:43  Overlord  
  29  4:45  Zergling x2  
  30  5:06  Roach Warren  
  29  5:42  Drone x3  
  29  5:47  Overlord  
  29  5:49  Queen  
  34  5:56  Lair  
  34  5:58  Zerg Missile Weapons Level 1  
  34  6:07  Roach x2  
  34  6:08  Roach  
  40  6:22  Drone x2  
  42  6:46  Metabolic Boost  
  42  6:48  Drone x2  
  44  6:56  Extractor  
  44  6:57  Extractor  
  42  7:00  Spine Crawler  
  42  7:02  Spore Crawler  
  42  7:03  Drone  
  42  7:09  Overlord x2  
  41  7:14  Roach x4  
  41  7:15  Roach  
  51  7:35  Drone x2  
  51  7:36  Drone x3  
  56  8:01  Glial Reconstitution  
  56  8:13  Spire  
  55  8:21  Infestation Pit  
  55  8:23  Drone x2  
  56  8:46  Zerg Missile Weapons Level 2  
  56  8:54  Overlord x2  
  56  8:55  Roach  
  56  8:56  Roach x3  
  56  8:57  Zergling x2  
  63  9:19  Drone  
  64  9:20  Drone x3  
  64  9:23  Drone  
  68  9:30  Drone  
  69  9:44  Drone  
  69  9:48  Hatchery  
  69  10:14  Mutalisk x2  
  69  10:18  Zerg Flyer Weapons Level 1  
  73  10:26  Extractor  
  72  10:39  Extractor  
  71  10:43  Hive  
  71  10:49  Roach x5  
  81  11:16  Spine Crawler  
  80  11:22  Unknown  
  80  11:24  Mutalisk x2  
  80  11:29  Mutalisk  
  86  11:30  Mutalisk  
  86  11:35  Drone  
  89  11:57  Drone  
  90  12:06  Overlord x4  
  90  12:34  Drone x4  
  94  12:44  Drone  
  94  12:45  Drone  
  96  13:04  Zergling x6  
  96  13:09  Mutalisk x5  
  109  13:10  Mutalisk x2  
  113  13:33  Mutalisk  
  113  13:34  Mutalisk  
  117  14:01  Mutalisk x2  
Tags
 
Matchup
Co-op
Add a new tag
Caveats
  • Supply blocks, unpowered buildings, or Contaminate may cause inaccurate times.
  • Supply counts are checked every 10 seconds.